 Dungeon Crawl Stone Soup version 0.29.1-13-g9f3cf754e1 (webtiles) character file.

Game seed: 5069906295055647986

51 KittyFluff the Trooper (level 3, 0/36 HPs)
             Began as a Gargoyle Berserker on Feb 5, 2023.
             Was a Believer of Trog.
             Slain by a hobgoblin (3 damage)
             ... on level 3 of the Dungeon.
             The game lasted 00:04:49 (1254 turns).

KittyFluff the Trooper (Gargoyle Berserker)         Turns: 1254, Time: 00:04:50

Health: 0/36       AC:  6    Str: 17 (20) XL:     3   Next: 83%
Magic:  3/3        EV: 11    Int:  4 (7)  God:    Trog [**....]
Gold:   32         SH:  0    Dex:  8 (11) Spells: 2/2 levels left

rFire   . . .      SeeInvis .   a - +0 mace
rCold   . . .      Faith    .   (no shield)
rNeg    + . .      Spirit   .   e - +0 leather armour
rPois   ∞          Reflect  .   (no helmet)
rElec   +          Harm     .   (no cloak)
rCorr   +          Rampage  .   (no gloves)
Will    .....                   (no boots)
Stlth   ..........              (no amulet)
HPRegen 0.12/turn               o - ring of resist corrosion
MPRegen 0.08/turn               (no ring)

@: berserking, very quick
A: sickness immunity, AC +3, negative energy resistance 1, electricity
resistance, torment resistance 1, petrification resistance
a: Renounce Religion, Berserk, Trog's Hand


You were on level 3 of the Dungeon.
You worshipped Trog.
Trog was pleased with you.
You visited 1 branch of the dungeon, and saw 3 of its levels.

You collected 32 gold pieces.

Inventory:

Hand Weapons
 a - a +0 mace (weapon)
Missiles
 d - 3 stones (quivered)
 m - 6 boomerangs
 p - 3 boomerangs of dispersal
Armour
 e - a +0 leather armour (worn)
 q - a +0 scale mail
Jewellery
 k - a +4 ring of evasion
 o - a ring of resist corrosion (left hand)
Scrolls
 b - 2 scrolls of identify {unknown}
 c - a scroll of fear {unknown}
 h - 3 scrolls of teleportation {unknown}
 i - a scroll of immolation {unknown}
 j - a scroll of enchant armour {unknown}
Potions
 f - a potion of degeneration
 g - a potion of magic {unknown}
 l - a potion of lignification {unknown}
 n - a potion of mutation {unknown}
 r - a potion of invisibility {unknown}


   Skills:
 + Level 3.8 Fighting
 + Level 3.7 Maces & Flails
 * Level 2.6 Armour
 + Level 1.9 Dodging
 + Level 0.3 Stealth


You had 2 spell levels left.
You didn't know any spells.
Your spell library was empty.

Dungeon Overview and Level Annotations

Branches:
Dungeon (2/15)

Altars:

Shops:
D:1 [


Innate Abilities, Weirdness & Mutations

You are immune to sickness and miasma.
Your stone body is resilient. (AC +3)
You are immune to poison.
You resist negative energy. (rN+)
You are resistant to electric shocks. (rElec)
You are resistant to unholy torment.
You are immune to petrification.


Message History

You kill the orc!
Trog accepts your kill. The orc closely misses you.
You see here a +0 club.
You barely miss the orc. The orc hits you with a +0 hand axe.
You hit the orc.
The orc is almost dead.
The orc barely misses you.
An orc comes into view. It is wielding a +0 trident.
The orc hits you with a +0 hand axe.
You hit the orc.
You kill the orc!
Trog accepts your kill.
The orc hits you from afar with a +0 trident.
You barely miss the hobgoblin. The orc closely misses you.
An orc comes into view. It is wielding a +0 war axe.
The hobgoblin closely misses you.
You hit the hobgoblin but do no damage.
The orc hits you from afar with a +0 trident.
An orc comes into view. It is wielding a +0 whip.
The hobgoblin misses you. The orc closely misses you.
Things that are here:
a +0 hand axe; an orc corpse You barely miss the orc.
The orc hits you with a +0 trident!
* * * LOW HITPOINT WARNING * * *
The hobgoblin hits you.
* * * LOW HITPOINT WARNING * * *
It was a potion of degeneration.
There was something very wrong with that liquid.
You feel weakened.
You feel dopey.
You feel clumsy. The orc hits you but does no damage.
The hobgoblin barely misses you.
A red film seems to cover your vision as you go berserk!
You feel yourself moving faster!
You feel mighty! The orc closely misses you.
The hobgoblin hits you but does no damage.
You sock the orc!
You kill the orc!
Trog accepts your kill. The hobgoblin hits you.
You die...

###########
#.:.......#
#.#######.#
## #.# #.# ..
#.# #.####.
#####.#
#.##..
......#
#.##o#
......#
#.##@# #
......#
#.##g#.####.
......#
#.##o#.......
......#
#.#..........
...####
#.#..##......
##.# #.#..#
..... ...#
#.#..# .....
#..#
#.#:.##......
...####
#.#.....# .


You could see 2 orcs and a hobgoblin.

Vanquished Creatures
  An adder (D:2)
  3 orcs (D:3)
  3 ball pythons (D:1)
  An endoplasm (D:1)
  A giant cockroach (D:2)
  7 goblins (D:1)
  4 hobgoblins (D:1)
  3 jackals (D:1)
  3 kobolds (D:1)
  5 quokkas
  2 bats (D:1)
  3 rats (D:1)
36 creatures vanquished.

Notes
Turn   | Place    | Note
-------+----------+-------------------------------------------
     0 | D:1      | KittyFluff the Gargoyle Berserker began the quest for the
                  | Orb.
     0 | D:1      | Reached XP level 1. HP: 14/14 MP: 1/1
    71 | D:1      | Reached XP level 2. HP: 11/19 MP: 2/2
   719 | D:1      | Reached XP level 3. HP: 24/24 MP: 3/3
   810 | D:1      | Found Longed's Antique Armour Shop.
   932 | D:1      | Reached ** piety under Trog
  1112 | D:2      | Found a faded altar of an unknown god.
  1165 | D:2      | You fall into a shaft and drop 1 floor!
  1251 | D:3      | HP: 1/24 [hobgoblin (2)]
  1254 | D:3      | Slain by a hobgoblin

Illustrated notes

Levels and vault maps discovered:
D:1:      dpeg_arrival_subterranean_lakeside_camping, layout_rooms,
          serial_shops, shop
D:2:      layout_loops_corners, basic_ecumenical_altar, grunt_ministairs_15
D:3:      layout_basic

Action                   || total
-------------------------++-------
Melee: Mace              ||    92
Invok: Berserk           ||     2
  Use: Potion            ||     1
Armor: Animal skin       ||     9
       Leather armour    ||    26
Dodge: Dodged            ||    69
